 Dungeon Crawl Stone Soup version 0.23.2-33-g5129a83184 (webtiles) character file.

Game seed: 13807725512257132456

7302 MalarOregon the Covert (level 11, -8/98 (99) HPs)
             Began as a Ghoul Monk on June 29, 2019.
             Was a Priest of Wu Jian.
             Killed by divine providence
             ... invoked by an orc priest
              (11 damage)
             ... on level 10 of the Dungeon.
             The game lasted 00:23:20 (14036 turns).

MalarOregon the Covert (Ghoul Monk)                Turns: 14036, Time: 00:23:21

HP:   -8/98 (99)    AC: 10    Str: 19    XL:     11   Next: 13%
MP:   0/19          EV: 16    Int:  8    God:    Wu Jian [***...]
Gold: 134           SH:  0    Dex: 11    Spells: 10/10 levels left

rFire    . . .     SeeInvis +     - Unarmed
rCold    + . .     Gourm    .   (no shield)
rNeg     + + +     Faith    .   H - +1 robe "Oploroan" {rElec Str+3 Stlth-}
rPois    ∞         Spirit   +   w - +2 helmet
rElec    +         Reflect  .   g - +0 cloak
rCorr    .         Harm     .   y - +1 pair of gloves
MR       .....                  s - +0 pair of boots
Stlth    +++.......             u - amulet of guardian spirit
HPRegen  0.00/turn              v - ring of magical power
MPRegen  0.16/turn              z - ring of see invisible

@: rotting
A: rotting body, claws 1, carnivore, cold resistance 1, negative energy
resistance 3, inhibited regeneration, torment resistance, unbreathing
a: Wall Jump, Serpent's Lash, Renounce Religion


You were on level 10 of the Dungeon.
You worshipped Wu Jian.
Wu Jian was most pleased with you.
You were not hungry.

You visited 2 branches of the dungeon, and saw 11 of its levels.

You collected 677 gold pieces.
You spent 543 gold pieces at shops.

Inventory:

Missiles
 n - a throwing net (quivered) {!f}
Armour
 g - a +0 cloak (worn)
   (You found it on level 9 of the Dungeon)
 s - a +0 pair of boots (worn)
   (You found it on level 8 of the Dungeon)
 w - a +2 helmet (worn)
   (You found it on level 4 of the Dungeon)
 y - a +1 pair of gloves (worn)
   (You found it on level 5 of the Dungeon)
 H - the +1 robe "Oploroan" (worn) {rElec Str+3 Stlth-}
   (You bought it in a shop on level 9 of the Dungeon)

   It affects your strength (+3).
   It insulates you from electricity.
   It makes you less stealthy.
Jewellery
 i - an uncursed amulet of the acrobat
   (You found it on level 1 of the Dungeon)
 m - an uncursed ring of ice
   (You found it on level 2 of the Dungeon)
 u - an amulet of guardian spirit (around neck)
   (You found it on level 4 of the Dungeon)
 v - a ring of magical power (left hand)
   (You found it on level 6 of the Dungeon)
 x - a +4 ring of intelligence
   (You found it on level 4 of the Dungeon)
 z - a ring of see invisible (right hand)
   (You found it on level 9 of the Dungeon)
 C - an uncursed amulet of faith {!P}
   (You found it on level 7 of the Dungeon)
Wands
 A - a wand of scattershot (1)
   (You took it off Ijyb on level 1 of the Dungeon)
Scrolls
 b - 3 scrolls of fear
 c - 4 scrolls of teleportation {@r4}
 d - a scroll of blinking
 f - 2 scrolls of remove curse {@r2}
 h - 3 scrolls of identify {@r1}
 j - 2 scrolls of amnesia
 o - a scroll of immolation {!r}
 p - a scroll of magic mapping
 q - a scroll of enchant weapon
Potions
 a - a potion of resistance {unknown}
 k - a potion of flight
 l - 3 potions of curing {@q1}
 r - 2 potions of heal wounds {@q2}
 t - 2 potions of agility
 B - a potion of invisibility
 E - a potion of cancellation
 F - a potion of magic
 I - 3 potions of might
Comestibles
 e - 21 rations {!d}


   Skills:
 + Level 9.9 Fighting
 + Level 8.2 Dodging
 + Level 10.2 Stealth
 + Level 9.8 Unarmed Combat


You had 10 spell levels left.
You didn't know any spells.
Your spell library contained the following spells:

 Spells                   Type           Power        Failure   Level  Hunger
 Animate Skeleton         Necr           N/A          41%         1    ##.....
 Pain                     Necr           #...         41%         1    ##.....
 Poisonous Vapours        Pois/Air       #.....       54%         2    ###....
 Conjure Flame            Conj/Fire      #.......     78%         3    ####...
 Mephitic Cloud           Conj/Pois/Air  #.......     78%         3    ####...
 Regeneration             Chrm/Necr      #.........   78%         3    ####...
 Vampiric Draining        Necr           #.........   78%         3    ####...
 Animate Dead             Necr           N/A          99%         4    #####..
 Freezing Cloud           Conj/Ice/Air   #.........   100%        6    #######
 Ring of Flames           Chrm/Fire      #.........   100%        7    #######


Dungeon Overview and Level Annotations

Branches:
Dungeon (10/15)            Temple (1/1) D:7             Orc (0/2) D:9
   Lair: D:8-11

Altars:
Ashenzari
Cheibriados
Dithmenos
Elyvilon
Fedhas
Gozag
Hepliaklqana
Kikubaaqudgha
Makhleb
Nemelex Xobeh
Okawaru
Qazlal
Ru
Sif Muna
Trog
Uskayaw
Vehumet
Wu Jian
Xom
Yredelemnul
Zin
The Shining One

Shops:
D:4 :   D:9 *   D:10 (

Annotations:
D:10 Grum


Innate Abilities, Weirdness & Mutations

Your body is rotting away.
You thrive on raw meat.
You are immune to poison.
You have sharp fingernails.
You are carnivorous and can eat meat at any time.
Your flesh is cold resistant. (rC+)
You are immune to negative energy. (rN+++)
You do not regenerate when monsters are visible.
You are immune to unholy pain and torment.
You can survive without breathing.


Message History

You feel your power leaking away. The troll bites you!
* * * LOW HITPOINT WARNING * * *
The troll misses you. The troll closely misses you.
Okay, then.
You spin and attack the wolf repeatedly.
You barely miss the wolf. You punch the wolf! The wolf bites you!
* * * LOW HITPOINT WARNING * * *
The wolf bites you!
* * * LOW HITPOINT WARNING * * *
As you read the scroll of fear, it crumbles to dust.
You assume a fearsome visage.
The centaur warrior zombie is unaffected.
Grum looks frightened!
The wolf looks frightened! x2
The eye of draining looks frightened!
The troll looks frightened!
The orc priest looks frightened!
The adder looks frightened!
Unknown command.
You spin and attack the wolf repeatedly.
You miss the wolf. x2
A wight comes into view. It is wielding a +5 halberd.
Cornered, the orc priest turns to fight!
An orc warrior comes into view. It is wielding a +4 battleaxe.
There is an open door here.
The centaur warrior zombie hits you but does no damage.
The centaur warrior zombie hits you but does no damage.
The centaur warrior zombie closely misses you.
The centaur warrior zombie hits you but does no damage.
There is an open door here.
There is an open door here.
The centaur warrior zombie hits you but does no damage.
The centaur warrior zombie misses you. The centaur warrior zombie hits you!
* * * LOW HITPOINT WARNING * * *
The centaur warrior zombie hits you but does no damage.
The centaur warrior zombie hits you but does no damage.
You spin and attack the centaur warrior zombie.
You hit the centaur warrior zombie but do no damage.
The centaur warrior zombie hits you.
* * * LOW HITPOINT WARNING * * *
Found 8 sling bullets.
The orc priest mumbles some strange prayers to Beogh against you.
Beogh smites you!
* * * LOW HITPOINT WARNING * * *
There is an open door here.
The centaur warrior zombie completely misses you.
The centaur warrior zombie hits you.
* * * LOW HITPOINT WARNING * * *
The orc priest invokes the aid of Beogh against you.
Beogh smites you!
You die...

#....#..))#......#..#.....###
#....#..).#......#..##+#....#
#....'....#......+.....#....#
.#....##...#......#.....#....+
.##.o.#######..........##....#
#P.P..##.!..#...............#
#.P.P.'.....#......8..P.....#
#.....#.....#...............#
#....###....####@#.....<....#
.......#######..Z+..........#
.............#..o#..........###+#
.............#...######.....)....
.............#...##...#..........
#######......#........'..........
#......#..o.....#..........
#......###'##...#..........
#...........#...#..........


You could see an orc priest, an orc and a centaur warrior zombie.

Vanquished Creatures
  2 cyclopes
  A gargoyle (D:9)
  A rime drake (D:9)
  A queen bee (D:8)
  A hippogriff (D:10)
  Sigmund (D:4)
  A wyvern (D:8)
  2 hungry ghosts
  Menkaure (D:4)
  3 sky beasts
  2 phantoms
  3 ogres
  5 centaurs
  A crocodile (D:9)
  2 big kobolds (D:5)
  6 bullfrogs
  4 scorpions
  23 killer bees
  A howler monkey (D:7)
  8 wights
  4 bullfrog zombies
  3 crimson imps
  2 centaur zombies
  2 bullfrog skeletons
  3 jellies
  3 centaur skeletons
  5 hounds
  7 orc priests
  8 orc wizards
  An iguana (D:6)
  Ijyb (D:1)
  4 worker ants
  A killer bee zombie (D:7)
  A hound zombie (D:6)
  A hound skeleton (D:5)
  10 gnolls
  6 adders
  2 shadow imps
  An adder skeleton (D:8)
  2 worms
  2 dart slugs
  7 leopard geckos
  26 orcs
  2 giant cockroaches (D:3)
  30 goblins
  27 hobgoblins
  13 jackals
  5 quokkas
  3 ball pythons
  3 bats
  3 frilled lizards
  6 kobolds
  A leopard gecko skeleton (D:8)
  A rat (D:2)
265 creatures vanquished.

Notes
Turn   | Place    | Note
-------+----------+-------------------------------------------
     0 | D:1      | MalarOregon the Ghoul Monk began the quest for the Orb.
     0 | D:1      | Reached XP level 1. HP: 19/19 MP: 0/0
   286 | D:1      | Reached XP level 2. HP: 26/26 MP: 1/1
   886 | D:2      | Reached XP level 3. HP: 11/33 MP: 2/2
  1406 | D:2      | Noticed Ijyb
  1428 | D:2      | Reached skill level 3 in Stealth
  1480 | D:1      | Killed Ijyb
  1480 | D:1      | Reached XP level 4. HP: 17/40 MP: 3/3
  2028 | D:3      | Reached XP level 5. HP: 26/46 MP: 4/4
  2483 | D:3      | Found a hazy altar of Hepliaklqana.
  2649 | D:3      | Found a basalt altar of Yredelemnul.
  3453 | D:4      | Noticed Menkaure
  3464 | D:4      | Killed Menkaure
  3464 | D:4      | Reached skill level 4 in Stealth
  3464 | D:4      | Reached XP level 6. HP: 55/55 MP: 5/5
  3506 | D:4      | Reached skill level 5 in Fighting
  3506 | D:4      | Reached skill level 5 in Unarmed Combat
  3526 | D:4      | Reached XP level 7. HP: 40/61 MP: 6/6
  3735 | D:4      | Found an iron altar of Okawaru.
  3744 | D:5      | Entered Level 5 of the Dungeon
  4302 | D:5      | Reached skill level 5 in Stealth
  4363 | D:4      | Noticed Sigmund
  4549 | D:5      | Found a glowing golden altar of the Shining One.
  4656 | D:5      | Found a shadowy altar of Dithmenos.
  5169 | D:5      | Reached XP level 8. HP: 54/70 MP: 2/7
  5313 | D:5      | Reached skill level 5 in Dodging
  5859 | D:4      | Killed Sigmund
  5859 | D:4      | Reached skill level 6 in Stealth
  6456 | D:4      | Found a bloodstained altar of Trog.
  6459 | D:4      | Found a stormy altar of Qazlal.
  6519 | D:4      | Found Rannawne's Book Boutique.
  6684 | D:6      | Found an opulent altar of Gozag.
  7045 | D:6      | Reached XP level 9. HP: 46/78 MP: 4/8
  7196 | D:6      | Reached skill level 7 in Stealth
  7710 | D:6      | Found a sacrificial altar of Ru.
  7904 | D:7      | HP: 2/79 [bullfrog skeleton (4)]
  8478 | D:7      | Found a hide-covered altar of Uskayaw.
  8569 | D:7      | Reached skill level 8 in Stealth
  8600 | D:7      | HP: 4/81 [gnoll sergeant/+1 spear of piercing (1)]
  8642 | D:6      | HP: 2/81 [wight/cursed +4 short sword (2)]
  9154 | D:7      | Found a staircase to the Ecumenical Temple.
  9189 | Temple   | Entered the Ecumenical Temple
  9324 | Temple   | Became a worshipper of the Wu Jian Council
  9324 | Temple   | Reached * piety under Wu Jian
  9324 | Temple   | Reached ** piety under Wu Jian
  9767 | D:8      | Found a deep blue altar of Sif Muna.
  9943 | D:8      | Noticed a queen bee
  9949 | D:8      | Reached XP level 10. HP: 60/87 MP: 9/9
 10554 | D:8      | Reached skill level 9 in Stealth
 11431 | D:8      | Found a burning altar of Makhleb.
 11667 | D:9      | Reached *** piety under Wu Jian
 11807 | D:9      | Noticed Maurice
 11808 | D:9      | Paralysed by Maurice for 2 turns
 11822 | D:9      | Paralysed by something for 2 turns
 11861 | D:9      | Paralysed by Maurice for 2 turns
 12023 | D:9      | Found a staircase to the Orcish Mines.
 12161 | D:9      | Noticed a gargoyle
 12326 | D:9      | Found Lamelonu's Assorted Antiques.
 12525 | D:9      | Found a shimmering altar of Xom.
 12629 | D:9      | Noticed a cyclops
 12656 | D:9      | Killed a cyclops
 12950 | D:9      | Found a shimmering altar of Xom.
 12986 | D:9      | Noticed Maurice
 12986 | D:9      | Maurice changed into Maurice the rime drake
 12994 | D:9      | Killed Maurice the rime drake
 13099 | D:9      | Bought a viscous ruby potion for 32 gold pieces
 13099 | D:9      | Bought a scroll of fear for 126 gold pieces
 13099 | D:9      | Bought a scroll labeled VOCIUD FITU for 36 gold pieces
 13099 | D:9      | Bought a distressingly furry robe for 205 gold pieces
 13099 | D:9      | Bought a potion of might for 144 gold pieces
 13099 | D:9      | Identified the +1 robe "Oploroan" {rElec Str+3 Stlth-} (You
                  | bought it in a shop on level 9 of the Dungeon)
 13302 | D:9      | Found a staircase to the Orcish Mines.
 13406 | D:9      | Killed a gargoyle
 13406 | D:9      | Reached skill level 10 in Stealth
 13406 | D:9      | Reached XP level 11. HP: 46/98 MP: 8/10
 13680 | D:10     | Entered Level 10 of the Dungeon
 13680 | D:10     | Noticed Urug
 13682 | D:10     | Noticed Urug
 13682 | D:10     | Urug changed into Urug the cyclops
 13693 | D:10     | Killed Urug the cyclops
 13865 | D:10     | Found Vavenis's Weapon Shoppe.
 13980 | D:10     | Noticed Grum
 14025 | D:10     | HP: 4/98 [orc priest/divine providence (10)]
 14034 | D:10     | HP: 3/98 [centaur warrior zombie (1)]
 14036 | D:10     | Killed from afar by an orc priest

Skill      XL: |  1  2  3  4  5  6  7  8  9 10 |
---------------+-------------------------------+-----
Dodging        | 3 4 5 6 8 |  8.2
Stealth        | 3 4 5 6 8 10 | 10.2
Fighting       | 4 5 6 8 9 |  9.9
Unarmed Combat | 4 5 6 8 9 |  9.8

Action                   |  1- 3 |  4- 6 |  7- 9 | 10-12 || total
-------------------------+-------+-------+-------+-------++-------
Melee: Unarmed           |    95 |   147 |   741 |   461 ||  1444
       Punch             |     2 |       |    16 |    14 ||    32
Invok: Whirlwind         |       |       |     1 |   169 ||   170
       Lunge             |       |       |     1 |    23 ||    24
Evoke: Wand              |       |       |     2 |     7 ||     9
  Use: Potion            |       |       |     6 |     3 ||     9
       Scroll            |       |       |       |    19 ||    19
 Stab: Sleeping          |     3 |     5 |    11 |     9 ||    28
       Distracted        |       |       |       |     1 ||     1
  Eat: Chunk             |    10 |    16 |    52 |    20 ||    98
       Ration            |       |       |       |     2 ||     2
Armor: Robe              |    13 |    17 |   155 |    84 ||   269
Dodge: Dodged            |    58 |   107 |   524 |   343 ||  1032
